 Dungeon Crawl Stone Soup version 0.16.1-12-gf5c4a84 (webtiles) character file.

130 Thalios the Skirmisher (level 5, -4/36 HPs)
             Began as a Gargoyle Fighter on Apr 8, 2015.
             Killed by divine providence
             ... invoked by an orc priest
              (12 damage)
             ... on level 3 of the Dungeon.
             The game lasted 00:09:22 (2036 turns).

Thalios the Skirmisher (Gargoyle Fighter)           Turns: 2036, Time: 00:09:22

Health: -4/36      AC: 13    Str: 20    XL:     5   Next: 13%
Magic:  5/5        EV:  5    Int:  8    God:
Gold:   92         SH:  9    Dex: 10    Spells: 0 memorised, 4 levels left

rFire  . . .     SeeInvis .     x - +1 whip (vamp)
rCold  + . .     Clarity  .     y - +0 chain mail
rNeg   + . .     SustAb   .     c - +0 shield
rPois  ∞         Gourm    .     (no helmet)
rElec  +         Spirit   .     (no cloak)
rCorr  .         Warding  .     (no gloves)
rMut   .         Stasis   .     (no boots)
MR     .....                    (no amulet)
Stlth  ..........               (no ring)
                                p - ring of protection from cold

@: not resistant to hostile enchantments, extremely unstealthy
A: negative energy resistance 1, electricity resistance, unbreathing,
petrification resistance, rot immunity, AC +4
a: no special abilities


You were on level 3 of the Dungeon.
You were not hungry.

You visited 1 branch of the dungeon, and saw 3 of its levels.

You collected 92 gold pieces.

Inventory:

Hand weapons
 x - a +1 vampiric whip (weapon)
Missiles
 l - 7 needles of sleeping
 o - 14 bolts of penetration
Armour
 c - a +0 shield (worn)
 y - a +0 chain mail (worn)
Jewellery
 p - a ring of protection from cold (left hand)
Scrolls
 i - 2 scrolls of identify {unknown}
 j - a scroll of remove curse {unknown}
 m - a scroll of recharging {unknown}
 r - 3 scrolls of enchant armour {unknown}
 s - a scroll of noise {unknown}
 u - a scroll of amnesia {unknown}
 v - 4 scrolls of enchant weapon {unknown}
Potions
 e - a potion of might
 h - 2 potions of restore abilities {unknown}
 k - a potion of ambrosia {unknown}
 n - a potion of flight {unknown}
 t - a potion of curing {unknown}
Comestibles
 a - 3 fruits
 d - 3 bread rations
 q - a meat ration
 w - 4 chunks of flesh


   Skills:
 * Level 6.2 Fighting
 - Level 2.0 Maces & Flails
 - Level 3.2 Armour
 - Level 3.2 Shields


You had 4 spell levels left.
You didn't know any spells.

Dungeon Overview and Level Annotations

Branches:
Dungeon (3/15)

Altars:


Innate Abilities, Weirdness & Mutations

You are resistant to torment.
You are immune to poison.
Your stone body is very resilient (AC +4).
You resist negative energy.
You are resistant to electric shocks.
You can survive without breathing.
You are immune to petrification.
You are immune to rotting.


Message History

The orc is severely wounded.
The orc priest invokes the aid of Beogh against you.
Something smites you!
* * * LOW HITPOINT WARNING * * *
The orc hits you but does no damage. x2
You are too injured to fight recklessly!
You are too injured to fight recklessly!
You are too injured to fight recklessly!
You closely miss the orc.
The orc is severely wounded.
You block the orc's attack. The orc barely misses you.
You hit the orc.
You kill the orc!
The orc priest hits you.
* * * LOW HITPOINT WARNING * * *
The orc hits you but does no damage. The orc hits you but does no damage.
The orc priest invokes the aid of Beogh against you.
Something smites you!
You die...

## #. #. ..###.######
# .........#.## #
##........... #
#..o@o.$..# #
##<..###### # ##.##
## # .#. #.# ... #
... #.# #.# # #.#
##'## #######.## #
#.# ##...##
#........# # ##.#
##.....## #.###....#
##..#
##.......###.##..##.#


You could see an orc priest and an orc.

Vanquished Creatures
  2 orc wizards (D:3)
  An adder (D:3)
  A worm (D:2)
  A giant gecko (D:1)
  9 orcs (D:3)
  6 bats
  4 giant cockroaches
  3 hobgoblins
  9 kobolds
  A quokka (D:2)
  2 giant newts
  7 goblins
  5 rats
51 creatures vanquished.

Notes
Turn   | Place    | Note
--------------------------------------------------------------
     0 | D:1      | Thalios, the Gargoyle Fighter, began the quest for the Orb.
     0 | D:1      | Reached XP level 1. HP: 14/14 MP: 1/1
   341 | D:1      | Reached XP level 2. HP: 20/20 MP: 2/2
   362 | D:1      | Reached skill level 4 in Fighting
   959 | D:2      | Reached XP level 3. HP: 24/24 MP: 3/3
  1437 | D:2      | Reached skill level 5 in Fighting
  1827 | D:3      | Reached XP level 4. HP: 31/31 MP: 4/4
  1958 | D:3      | Reached skill level 6 in Fighting
  1958 | D:3      | Reached XP level 5. HP: 36/36 MP: 5/5
  2036 | D:3      | Killed from afar by an orc priest

Action                   |  1- 3 |  4- 6 || total
-------------------------+-------+-------++-------
Melee: Flail             |   151 |    17 ||   168
       Whip              |       |    67 ||    67
  Eat: Chunk             |     3 |       ||     3
       Fruit             |       |     5 ||     5
       Beef jerky        |       |     1 ||     1
